TOP OF THE 1ST |
Memphis Redbirds batting - Pitching for Tuscaloosa Trout Slayers : LHP Gerardo González
|
Pitching: LHP Gerardo González
|
|
Batting: LHB Glenn Williamson
|
0-0: Foul Ball, location: 2F 0-1: Swinging Strike 0-2: Fly out, F9 (Flyball, 89D)
|
Batting: LHB Richard Hinkle
|
0-0: Fly out, F7 (Flyball, 7S)
|
Batting: LHB Mike Pearson
|
0-0: Ball 1-0: Swinging Strike 1-1: Called Strike 1-2: Strikes out looking
|
Top of the 1st over - 0 runs, 0 hits, 0 errors, 0 left on base; Memphis 0 - Tuscaloosa 0 |
BOTTOM OF THE 1ST |
Tuscaloosa Trout Slayers batting - Pitching for Memphis Redbirds : RHP Robinson Vásquez
|
Pitching: RHP Robinson Vásquez
|
|
Batting: LHB Manuel Ortega
|
0-0: Called Strike 0-1: Ball 1-1: Ball 2-1: Ball 3-1: Swinging Strike 3-2: Foul Ball, location: 2F 3-2: Strikes out swinging
|
Batting: LHB Ed Murray
|
0-0: SINGLE (Groundball, 34) (infield hit)
|
Batting: LHB Eddy Jefferson
|
0-0: Called Strike 0-1: Ball 1-1: Ball 2-1: Fielders Choice at 2nd, 4-6 (Groundball, 4)
|
Batting: LHB Marcos Villarreal
|
0-0: Ball 1-0: Foul Ball, location: 2F 1-1: Ball 2-1: Ground out 4-3 (Groundball, 4)
|
Bottom of the 1st over - 0 runs, 1 hit, 0 errors, 1 left on base; Memphis 0 - Tuscaloosa 0 |
TOP OF THE 2ND |
Memphis Redbirds batting - Pitching for Tuscaloosa Trout Slayers : LHP Gerardo González
|
Batting: RHB Dave Boom
|
0-0: Ball 1-0: Called Strike 1-1: Ball 2-1: Called Strike 2-2: Strikes out swinging
|
Batting: LHB Milo Powers
|
0-0: Ball 1-0: Foul Ball, location: 2F 1-1: Foul Ball, location: 2F 1-2: Foul Ball, location: 2F 1-2: Foul Ball, location: 2F 1-2: Foul Ball, location: 2F 1-2: Foul Ball, location: 2F 1-2: Ball 2-2: DOUBLE (Flyball, 8RD)
|
Batting: RHB Will Sterling
|
0-0: Ball 1-0: Called Strike 1-1: Swinging Strike 1-2: Ball 2-2: Strikes out swinging
|
Batting: LHB Al Miller
|
0-0: Called Strike 0-1: Swinging Strike 0-2: Ball 1-2: Ball 2-2: Strikes out looking
|
Top of the 2nd over - 0 runs, 1 hit, 0 errors, 1 left on base; Memphis 0 - Tuscaloosa 0 |
BOTTOM OF THE 2ND |
Tuscaloosa Trout Slayers batting - Pitching for Memphis Redbirds : RHP Robinson Vásquez
|
Batting: LHB Ethan Shaw
|
0-0: Ball 1-0: Called Strike 1-1: Ball 2-1: Ground out 6-3 (Groundball, 6)
|
Batting: RHB José Pinto
|
0-0: Foul Ball, location: 2F 0-1: Ball 1-1: SINGLE (Line Drive, 4M)
|
Batting: RHB Augusto Baca
|
0-0: Ball José Pinto steals 2nd base 1-0: Called Strike 1-1: Ground out 5-3 (Groundball, 5)
|
Batting: SHB António Ramírez
|
0-0: SINGLE (Groundball, 34S) (infield hit) José Pinto to third
|
Batting: RHB Claudio Gonzáles
|
0-0: Swinging Strike 0-1: Ball 1-1: Ball 2-1: Ball 3-1: DOUBLE (Flyball, 89XD) José Pinto scores António Ramírez to third Runner from 3rd tries for Home, SAFE, throw made at trailing runner, OUT at third!
|
Bottom of the 2nd over - 2 runs, 3 hits, 0 errors, 0 left on base; Memphis 0 - Tuscaloosa 2 |
TOP OF THE 3RD |
Memphis Redbirds batting - Pitching for Tuscaloosa Trout Slayers : LHP Gerardo González
|
Batting: RHB Rusty Bennett
|
0-0: Called Strike 0-1: Foul Ball, location: 2F 0-2: Ball 1-2: Fly out, F8 (Flyball, 8LD)
|
Batting: SHB Lewis Woods
|
0-0: Ball 1-0: Foul Ball, location: 2F 1-1: Foul Ball, location: 2F 1-2: Ball 2-2: Ground out 4-3 (Groundball, 4)
|
Batting: LHB Glenn Williamson
|
0-0: Foul Ball, location: 2F 0-1: Foul Ball, location: 2F 0-2: Ball 1-2: Ground out 4-3 (Groundball, 4)
|
Top of the 3rd over - 0 runs, 0 hits, 0 errors, 0 left on base; Memphis 0 - Tuscaloosa 2 |
BOTTOM OF THE 3RD |
Tuscaloosa Trout Slayers batting - Pitching for Memphis Redbirds : RHP Robinson Vásquez
|
Batting: LHB Manuel Ortega
|
0-0: Called Strike 0-1: Foul Ball, location: 2F 0-2: Ball 1-2: SINGLE (Groundball, 4MD)
|
Batting: LHB Ed Murray
|
0-0: Ball 1-0: Foul Ball, location: 2F 1-1: Called Strike Manuel Ortega steals 2nd base 1-2: Ball 2-2: DOUBLE (Line Drive, 9LM) Manuel Ortega scores
|
Batting: LHB Eddy Jefferson
|
0-0: Swinging Strike 0-1: Fly out, F6 (Flyball, 56D)
|
Batting: LHB Marcos Villarreal
|
0-0: Ball 1-0: Called Strike 1-1: Ball 2-1: Called Strike 2-2: SINGLE (Groundball, 34D) Ed Murray to third
|
Batting: LHB Ethan Shaw
|
0-0: SINGLE (Groundball, 56) (infield hit) Ed Murray scores Marcos Villarreal to second
|
Batting: RHB José Pinto
|
0-0: Ball 1-0: Ball 2-0: Grounds into double play, 5-4-3 (Groundball, 56)
|
Bottom of the 3rd over - 2 runs, 4 hits, 0 errors, 1 left on base; Memphis 0 - Tuscaloosa 4 |
TOP OF THE 4TH |
Memphis Redbirds batting - Pitching for Tuscaloosa Trout Slayers : LHP Gerardo González
|
Batting: LHB Richard Hinkle
|
0-0: Ball 1-0: Foul Ball, location: 2F 1-1: SINGLE (Line Drive, 4M)
|
Batting: LHB Mike Pearson
|
0-0: Called Strike 0-1: Foul Ball, location: 2F 0-2: Ball 1-2: Strikes out looking
|
Batting: RHB Dave Boom
|
0-0: Ball 1-0: Fly out, F5 (Line Drive, 5)
|
Batting: LHB Milo Powers
|
0-0: SINGLE (Line Drive, 9S) Richard Hinkle to second
|
Batting: RHB Will Sterling
|
0-0: Called Strike 0-1: Ball 1-1: SINGLE (Groundball, 56D) Richard Hinkle to third Milo Powers to second Runner from 3rd tries for Home, SAFE, no throw
|
Batting: LHB Al Miller
|
0-0: Ball 1-0: Ball 2-0: Ball 3-0: Called Strike 3-1: Base on Balls Milo Powers to third Will Sterling to second
|
Batting: RHB Rusty Bennett
|
0-0: Ball 1-0: Ball 2-0: Ball 3-0: Base on Balls Milo Powers scores Will Sterling to third Al Miller to second
|
Batting: SHB Lewis Woods
|
0-0: Ball 1-0: Foul Ball, location: 2F 1-1: Foul Ball, location: 2F 1-2: Ball 2-2: Foul Ball, location: 2F 2-2: Fielders Choice at 2nd, 6-4 (Groundball, 6)
|
Top of the 4th over - 2 runs, 3 hits, 0 errors, 3 left on base; Memphis 2 - Tuscaloosa 4 |
BOTTOM OF THE 4TH |
Tuscaloosa Trout Slayers batting - Pitching for Memphis Redbirds : RHP Robinson Vásquez
|
Batting: RHB Augusto Baca
|
0-0: Ground out 6-3 (Groundball, 6)
|
Batting: SHB António Ramírez
|
0-0: Ball 1-0: Foul Ball, location: 2F 1-1: Called Strike 1-2: Foul Ball, location: 2F 1-2: Ball 2-2: Strikes out looking
|
Batting: RHB Claudio Gonzáles
|
0-0: Hit by Pitch
|
Batting: LHB Manuel Ortega
|
0-0: Ball 1-0: Called Strike 1-1: Ball 2-1: Foul Ball, location: 2F 2-2: Foul Ball, location: 2F 2-2: Foul Ball, location: 2F 2-2: Ball 3-2: Ground out 4-3 (Groundball, 4)
|
Bottom of the 4th over - 0 runs, 0 hits, 0 errors, 1 left on base; Memphis 2 - Tuscaloosa 4 |
TOP OF THE 5TH |
Memphis Redbirds batting - Pitching for Tuscaloosa Trout Slayers : LHP Gerardo González
|
Batting: LHB Glenn Williamson
|
0-0: Ball 1-0: Ball 2-0: Called Strike 2-1: Foul Ball, location: 2F 2-2: Strikes out swinging
|
Batting: LHB Richard Hinkle
|
0-0: Foul Ball, location: 2F 0-1: Ball 1-1: Called Strike 1-2: Ball 2-2: Ball 3-2: Foul Ball, location: 2F 3-2: Foul Ball, location: 2F 3-2: Base on Balls
|
Batting: LHB Mike Pearson
|
0-0: Called Strike 0-1: Foul Ball, location: 2F 0-2: Ball 1-2: Ball 2-2: Grounds into double play, 6-4-3 (Groundball, 6D)
|
Top of the 5th over - 0 runs, 0 hits, 0 errors, 0 left on base; Memphis 2 - Tuscaloosa 4 |
BOTTOM OF THE 5TH |
Tuscaloosa Trout Slayers batting - Pitching for Memphis Redbirds : RHP Robinson Vásquez
|
Batting: LHB Ed Murray
|
0-0: Ball 1-0: Foul Ball, location: 2F 1-1: Called Strike 1-2: Ball 2-2: Ball 3-2: Base on Balls
|
Batting: LHB Eddy Jefferson
|
0-0: Ball 1-0: Ball 2-0: Foul Ball, location: 2F 2-1: SINGLE (Groundball, 4M) (infield hit) Ed Murray to second
|
Batting: LHB Marcos Villarreal
|
0-0: SINGLE (Line Drive, 6D) Ed Murray to third Eddy Jefferson to second
|
Batting: LHB Ethan Shaw
|
0-0: Swinging Strike 0-1: Foul Ball, location: 2F 0-2: Ball 1-2: SINGLE (Groundball, 6MD) Ed Murray scores Eddy Jefferson to third Marcos Villarreal to second Runner from 3rd tries for Home, SAFE, no throw
|
Pitching: RHP Juan Vázquez
|
|
Batting: RHB José Pinto
|
0-0: Swinging Strike 0-1: Foul Ball, location: 2F 0-2: Ball 1-2: Strikes out looking
|
Batting: RHB Augusto Baca
|
0-0: Foul Ball, location: 2F 0-1: Ball 1-1: Ball 2-1: Foul Ball, location: 2F 2-2: Grounds into double play, 3-6-3 (Groundball, 34)
|
Bottom of the 5th over - 2 runs, 3 hits, 0 errors, 1 left on base; Memphis 2 - Tuscaloosa 6 |
TOP OF THE 6TH |
Memphis Redbirds batting - Pitching for Tuscaloosa Trout Slayers : LHP Gerardo González
|
Batting: RHB Dave Boom
|
0-0: Fly out, F7 (Line Drive, 7D)
|
Batting: LHB Milo Powers
|
0-0: Ball 1-0: Ball 2-0: Called Strike 2-1: Foul Ball, location: 2F 2-2: Strikes out swinging
|
Batting: RHB Will Sterling
|
0-0: Ball 1-0: Foul Ball, location: 2F 1-1: Swinging Strike 1-2: Ground out 4-3 (Groundball, 34)
|
Top of the 6th over - 0 runs, 0 hits, 0 errors, 0 left on base; Memphis 2 - Tuscaloosa 6 |
BOTTOM OF THE 6TH |
Tuscaloosa Trout Slayers batting - Pitching for Memphis Redbirds : RHP Juan Vázquez
|
Batting: SHB António Ramírez
|
0-0: Called Strike 0-1: Ball 1-1: Ball 2-1: Called Strike 2-2: Strikes out swinging
|
Batting: RHB Claudio Gonzáles
|
0-0: Ball 1-0: SINGLE (Groundball, 56D)
|
Batting: LHB Manuel Ortega
|
0-0: Called Strike 0-1: Ball 1-1: Ball 2-1: Called Strike 2-2: Ball 3-2: Base on Balls Claudio Gonzáles to second
|
Batting: LHB Ed Murray
|
0-0: Called Strike 0-1: Ball 1-1: Ball 2-1: Swinging Strike 2-2: Ball 3-2: DOUBLE (Groundball, 3L) Claudio Gonzáles scores Manuel Ortega to third Runner from 3rd tries for Home, SAFE, no throw
|
Batting: LHB Eddy Jefferson
|
0-0: Called Strike 0-1: Called Strike 0-2: Ball 1-2: Ball 2-2: Foul Ball, location: 2F 2-2: Ball 3-2: Base on Balls
|
Batting: LHB Marcos Villarreal
|
0-0: Grounds into double play, 5-4-3 (Groundball, 56)
|
Bottom of the 6th over - 2 runs, 2 hits, 0 errors, 1 left on base; Memphis 2 - Tuscaloosa 8 |
TOP OF THE 7TH |
Memphis Redbirds batting - Pitching for Tuscaloosa Trout Slayers : LHP Gerardo González
|
Batting: LHB Al Miller
|
0-0: Fly out, F7 (Flyball, 78S)
|
Batting: RHB Rusty Bennett
|
0-0: Called Strike 0-1: Called Strike 0-2: Fly out, F8 (Flyball, 8RD)
|
Batting: SHB Lewis Woods
|
0-0: Called Strike 0-1: Fly out, F9 (Flyball, 9)
|
Top of the 7th over - 0 runs, 0 hits, 0 errors, 0 left on base; Memphis 2 - Tuscaloosa 8 |
BOTTOM OF THE 7TH |
Tuscaloosa Trout Slayers batting - Pitching for Memphis Redbirds : RHP Juan Vázquez
|
Batting: LHB Ethan Shaw
|
0-0: Ball 1-0: Called Strike 1-1: DOUBLE (Line Drive, 8RD)
|
Batting: RHB José Pinto
|
0-0: Called Strike 0-1: Ball 1-1: Swinging Strike 1-2: Ball 2-2: Strikes out looking
|
Batting: RHB Augusto Baca
|
0-0: Called Strike 0-1: Ball 1-1: Called Strike 1-2: SINGLE (Line Drive, 34) Ethan Shaw to third
|
Batting: SHB António Ramírez
|
0-0: Swinging Strike 0-1: Called Strike 0-2: Ball 1-2: Strikes out swinging
|
Batting: RHB Claudio Gonzáles
|
0-0: Ball 1-0: Foul Ball, location: 2F 1-1: Foul Ball, location: 2F 1-2: Foul Ball, location: 2F 1-2: Ball 2-2: Ground out 6-3 (Groundball, 6S)
|
Bottom of the 7th over - 0 runs, 2 hits, 0 errors, 2 left on base; Memphis 2 - Tuscaloosa 8 |
TOP OF THE 8TH |
Memphis Redbirds batting - Pitching for Tuscaloosa Trout Slayers : LHP Gerardo González
|
Pitching: LHP Kelly Henry
|
|
Now at 3B: Pedro Juárez
|
|
Batting: LHB Glenn Williamson
|
0-0: Ball 1-0: Ball 2-0: Foul Ball, location: 2F 2-1: Called Strike 2-2: Ground out 3-1 (Groundball, 34)
|
Batting: LHB Richard Hinkle
|
0-0: Called Strike 0-1: Foul Ball, location: 2F 0-2: Ball 1-2: Ball 2-2: Ball 3-2: Strikes out swinging
|
Batting: LHB Mike Pearson
|
0-0: Foul Ball, location: 2F 0-1: Swinging Strike 0-2: Foul Ball, location: 2F 0-2: Strikes out swinging
|
Top of the 8th over - 0 runs, 0 hits, 0 errors, 0 left on base; Memphis 2 - Tuscaloosa 8 |
BOTTOM OF THE 8TH |
Tuscaloosa Trout Slayers batting - Pitching for Memphis Redbirds : RHP Juan Vázquez
|
Batting: LHB Manuel Ortega
|
0-0: Ball 1-0: Called Strike 1-1: Ball 2-1: Called Strike 2-2: Ball 3-2: SINGLE (Groundball, 34D)
|
Pitching: RHP Clark Edwards
|
|
Batting: LHB Ed Murray
|
0-0: Ball 1-0: Foul Ball, location: 2F 1-1: Foul Ball, location: 2F 1-2: Ball 2-2: SINGLE (Groundball, 4D) Manuel Ortega to second Runner from 2nd tries for 3rd, SAFE, no throw
|
Batting: LHB Eddy Jefferson
|
0-0: Called Strike 0-1: Ball 1-1: Ball 2-1: Fly out, F8 (Flyball, 8LD) Runner from 3rd tags up, SCORES, no throw
|
Batting: LHB Marcos Villarreal
|
0-0: Called Strike 0-1: 2-RUN HOME RUN (Line Drive, 7D), Distance : 346 ft
|
Batting: LHB Ethan Shaw
|
0-0: Ball 1-0: Foul Ball, location: 2F 1-1: DOUBLE (Line Drive, 89D)
|
Pinch Hitting: LHB Ed Hart
|
0-0: Ball 1-0: Ball 2-0: Called Strike 2-1: Ball 3-1: Foul Ball, location: 2F 3-2: Fly out, F7 (Flyball, 78M)
|
Batting: LHB Pedro Juárez
|
0-0: Fly out, F4 (Line Drive, 4M)
|
Bottom of the 8th over - 3 runs, 4 hits, 0 errors, 1 left on base; Memphis 2 - Tuscaloosa 11 |
TOP OF THE 9TH |
Memphis Redbirds batting - Pitching for Tuscaloosa Trout Slayers : LHP Kelly Henry
|
Now at 2B: Adrián Nieto
|
|
Batting: RHB Dave Boom
|
0-0: Called Strike 0-1: Foul Ball, location: 2F 0-2: Ball 1-2: Strikes out swinging
|
Batting: LHB Milo Powers
|
0-0: Called Strike 0-1: Swinging Strike 0-2: Foul Ball, location: 2F 0-2: Strikes out swinging
|
Batting: RHB Will Sterling
|
0-0: Ball 1-0: Foul Ball, location: 2F 1-1: Ground out 5-3 (Groundball, 56S)
|
Top of the 9th over - 0 runs, 0 hits, 0 errors, 0 left on base; Memphis 2 - Tuscaloosa 11 |
|